 Dungeon Crawl Stone Soup version 0.30.1-11-g7821555f0a (webtiles) character file.

Game seed: 17219334420853362552

9 comborobin the Sneak (level 1, 0/18 HPs)
             Began as a Demigod Delver on Dec 16, 2023.
             Succumbed to an adder's poison
             ... on level 4 of the Dungeon.
             The game lasted 00:00:33 (96 turns).

comborobin the Sneak (Demigod Delver)                 Turns: 96, Time: 00:00:33

Health: 0/18       AC:  3    Str: 13    XL:     1   Next: 86%
Magic:  3/3        EV: 11    Int: 12    God:
Gold:   0          SH:  0    Dex: 15    Spells: 0/0 levels left

rFire   . . .        a - +0 mace
rCold   . . .        (no shield)
rNeg    . . .        b - +0 leather armour
rPois   .            (no helmet)
rElec   .            (no cloak)
rCorr   .            (no gloves)
SInv    .            (no boots)
Will    .....        (no amulet)
Stlth   +++          (no ring)
HPRegen 0.23/turn    (no ring)
MPRegen 0.08/turn

%: no passive effects
@: lethally poisoned (0 -> -1)
A: high MP 1, forlorn, divine attributes
a: no special abilities


You were on level 4 of the Dungeon.
You visited 1 branch of the dungeon, and saw 3 of its levels.

Inventory:

Hand Weapons
 a - a +0 mace (weapon)
Armour
 b - a +0 leather armour (worn)
Wands
 g - a wand of digging (2)
Scrolls
 c - a scroll of fog
 e - a scroll of fear
 i - a scroll of amnesia {unknown}
Potions
 f - a potion of haste
 h - a potion of attraction {unknown}


   Skills:
 - Level 2.6 Fighting
 + Level 2.5 Maces & Flails
 - Level 1.7 Dodging
 - Level 4.5 Stealth


You couldn't memorise any spells.
You didn't know any spells.
Your spell library was empty.

Dungeon Overview and Level Annotations

Branches:
Dungeon (6/15)             Temple (0/1) D:5


Innate Abilities, Weirdness & Mutations

You have an increased reservoir of magic. (+10% MP)
You shall have no god before yourself.
Your divine heritage dramatically boosts your attributes as you level up.


Message History

You closely miss the adder. The adder bites you. The adder barely misses you.
You barely miss the adder. The adder bites you but does no damage.
The adder misses you.
You closely miss the adder. The adder misses you.
The adder bites you but does no damage.
You miss the adder. The adder bites you but does no damage.
You hit the adder.
The adder is moderately wounded.
The adder misses you. The adder barely misses you.
You barely miss the adder.
The adder is moderately wounded.
The adder closely misses you. The adder bites you.
You miss the adder.
The adder is lightly wounded.
The adder bites you but does no damage.
You hit the adder but do no damage.
The adder is lightly wounded.
The adder closely misses you. The adder bites you.
You are poisoned.
The adder poisons you!
You sock the adder!
The adder is almost dead.
You feel sick. The adder bites you.
You barely miss the adder.
The adder is severely wounded.
You feel sick. The adder bites you.
* * * LOW HITPOINT WARNING * * *
The adder bites you but does no damage.
You miss the adder.
The adder is severely wounded.
* * * LOW HITPOINT WARNING * * *
You feel sick. The adder closely misses you. The adder bites you.
* * * LOW HITPOINT WARNING * * *
You barely miss the adder.
The adder is severely wounded.
* * * LOW HITPOINT WARNING * * *
You feel sick. The adder barely misses you.
You miss the adder.
The adder is severely wounded.
You die...

,,,,,,*,,,,,,* #..........
,,,,,,*,,,,,,* #..........
,,,,,,*,,,,,,* #..........
,****,*,,,,,,*** #####'#####...
,****,***###*,,* #....>...##...
,,,,+,,,,....,,* #........#....
,,,,*,,,,.....,* #........+....
,,,,*,,,,......#####........#....
,,,,*,,,,......S@...........#....
,,,,*,,,,......#####........#....
,,,******##...*****#........#....
,,,**,,,**#+#**,,,,...#######....
,,,**,,,,,*,,,*,,,....#,,,,,#....
>,,,,,,,,,*,,,*,,,....#,,,,,*,,,,
,,,,,,,,,,*,,,*,,,....#,,,,,*,,,,
,,,,,,,,,,*,,,*,,.....#,,,,,*,,,,
,,,,,,,,,,*,,,*,,,,,,,*,,,,,*,,,,


You could see an adder.

Vanquished Creatures
  An adder (D:4)
1 creature vanquished.

Notes
Turn   | Place    | Note
-------+----------+-------------------------------------------
     0 | D:5      | comborobin the Demigod Delver began the quest for the Orb.
     0 | D:5      | Reached XP level 1. HP: 18/18 MP: 3/3
    24 | D:5      | Noticed a phantom
    64 | D:4      | Noticed an orc wizard
    64 | D:4      | Noticed an orc wizard
    96 | D:4      | Succumbed to an adder's poison

Illustrated notes

Levels and vault maps discovered:
D:4:      layout_gridville, uniq_duvessa
D:5:      layout_gridville, temple_fountains, uniq_edmund
D:6:      layout_gridville, uniq_maggie

Skill      XL: |  1 |
---------------+----+-----
Maces & Flails | 2 |  2.5
Fighting       | |  2.6
Dodging        | |  1.7
Stealth        | |  4.5

Action                     || total
---------------------------++-------
  Melee: Mace              ||    16
  Evoke: Wand              ||     1
    Use: Scroll            ||     2
   Stab: Sleeping          ||     1
 Armour: Leather armour    ||     5
  Dodge: Dodged            ||    12
